 Dungeon Crawl Stone Soup version 0.31.0-12-g77e489cdc1 (webtiles) character file.

Game seed: 484375819166231372

119 Gadfly the Sneak (level 4, -3/22 HPs)
             Began as a Spriggan Enchanter on Feb 17, 2024.
             Slain by a hobgoblin (4 damage)
             ... led by Robin
             ... on level 3 of the Dungeon.
             The game lasted 00:02:20 (2410 turns).

Gadfly the Sneak (Spriggan Enchanter)               Turns: 2410, Time: 00:02:21

Health: -3/22      AC:  2    Str:  4    XL:     4   Next: 74%
Magic:  4/10       EV: 18    Int: 16    God:
Gold:   96         SH:  0    Dex: 17    Spells: 4/9 levels left

rFire   . . .        a - +1 dagger
rCold   . . .        (no shield)
rNeg    . . .        b - +0 robe
rPois   .            (helmet restricted)
rElec   .            (no cloak)
rCorr   .            (gloves unavailable)
SInv    +            (boots unavailable)
Will    .....        (no amulet)
Stlth   +++          (no ring)
HPRegen 0.23/turn    (no ring)
MPRegen 0.12/turn

%: no passive effects
@: very quick
A: very small, no large weapons, unfitting armour, see invisible, speed 3,
mutation resistance 1
a: no special abilities


You were on level 3 of the Dungeon.
You visited 1 branch of the dungeon, and saw 3 of its levels.

You collected 96 gold pieces.

Inventory:

Hand Weapons
 a - a +1 dagger (weapon)
Missiles
 h - a throwing net
Armour
 b - a +0 robe (worn)
Scrolls
 e - a scroll of identify
Potions
 c - 2 potions of invisibility
 d - a potion of mutation
 f - a potion of berserk rage
 k - a potion of lignification


   Skills:
 + Level 1.1 Fighting
 + Level 2.3 Short Blades
 + Level 3.4 Dodging
 + Level 5.2 Stealth
 + Level 3.3 Spellcasting
 + Level 4.1 Hexes
 + Level 1.6 Evocations


You had 4 spell levels left.
You knew the following spells:

 Your Spells              Type           Power      Damage    Failure   Level
a - Ensorcelled Hibernat  Hex/Ice        18%        N/A       12%         2
b - Confusing Touch       Hex            15%        N/A       10%         3

Your spell library contained the following spells:

 Spells                   Type           Power      Damage    Failure   Level
 Tukima's Dance           Hex            15%        N/A       10%         3
 Dazzling Flash           Conj/Hex       18%        N/A       24%         3


Dungeon Overview and Level Annotations

Branches:
Dungeon (3/15)

Altars:
Elyvilon


Innate Abilities, Weirdness & Mutations

You are very small and have problems with some larger weapons.
You are too small for most types of armour.
You have supernaturally acute eyesight. (SInv)
You cover ground extremely quickly. (Speed+++)
You are somewhat resistant to further mutation.


Message History

The goblin hits you with a +0 dagger. The hobgoblin misses you. x2
A goblin comes into view. It is wielding a +0 dagger.
The goblin shouts!
You hit the hobgoblin but do no damage. The goblin hits you with a +0 dagger.
* * * LOW HITPOINT WARNING * * *
The hobgoblin completely misses you. The hobgoblin barely misses you.
The goblin closely misses you.
You barely miss the hobgoblin.
Unknown command.
You hit the hobgoblin but do no damage. The goblin hits you with a +0 dagger.
* * * LOW HITPOINT WARNING * * *
The hobgoblin misses you. The goblin closely misses you.
The hobgoblin misses you.
You hit the hobgoblin.
The hobgoblin is lightly wounded.
The goblin completely misses you. The goblin closely misses you.
The hobgoblin closely misses you. The hobgoblin hits you.
* * * LOW HITPOINT WARNING * * *
Your magical contamination has completely faded away.
Okay, then.
You feel much better. The goblin hits you with a +0 dagger.
The hobgoblin barely misses you. The goblin hits you with a +0 dagger.
The hobgoblin hits you.
You hit the hobgoblin but do no damage.
The hobgoblin is lightly wounded.
The hobgoblin no longer looks unusually strong.
The goblin misses you. The hobgoblin closely misses you.
The goblin closely misses you. The hobgoblin hits you.
* * * LOW HITPOINT WARNING * * *
You closely miss the hobgoblin.
The hobgoblin is lightly wounded.
The goblin hits you with a +0 dagger.
* * * LOW HITPOINT WARNING * * *
The hobgoblin closely misses you. x2; The goblin closely misses you.
You closely miss the hobgoblin.
The hobgoblin is lightly wounded.
The goblin hits you with a +0 dagger.
* * * LOW HITPOINT WARNING * * *
The goblin closely misses you. The hobgoblin hits you.
You die... ....... #. ..... . ....g #. #.g.# #.###ggg# #... gg.

####..###)#######
......g@#...=....
.#####..gggg#######
....##...gg.#
#..#.<#.###
#....#.# ##.....#
##..### #..# ##†#


You could see 2 hobgoblins and 5 goblins.

Vanquished Creatures
  A hound (D:2)
  Robin (D:3)
  3 adders
  A dart slug (D:2)
  2 ribbon worms (D:2)
  7 ball pythons
  A bat (D:1)
  2 endoplasms (D:1)
  4 giant cockroaches
  4 hobgoblins (D:1)
  6 quokkas
  5 frilled lizards
  3 goblins
  3 kobolds (D:2)
  3 rats
46 creatures vanquished.

Notes
Turn   | Place    | Note
-------+----------+-------------------------------------------
     0 | D:1      | Gadfly the Spriggan Enchanter began the quest for the Orb.
     0 | D:1      | Reached XP level 1. HP: 9/9 MP: 5/5
    81 | D:1      | Found a faded altar of an unknown god.
   262 | D:1      | Reached XP level 2. HP: 11/13 MP: 6/6
   295 | D:1      | Learned a level 2 spell: Ensorcelled Hibernation
  1132 | D:1      | Gained mutation: You are somewhat resistant to further
                  | mutation. [potion of mutation]
  1508 | D:2      | Reached XP level 3. HP: 11/17 MP: 6/8
  1575 | D:2      | Reached skill level 1 in Evocations
  1609 | D:2      | Reached skill level 1 in Fighting
  1622 | D:2      | Reached XP level 4. HP: 22/22 MP: 9/9
  1717 | D:2      | Found a white marble altar of Elyvilon.
  1768 | D:2      | Reached skill level 5 in Stealth
  2309 | D:2      | Learned a level 3 spell: Confusing Touch
  2392 | D:3      | Noticed Robin
  2400 | D:3      | Killed Robin
  2406 | D:3      | HP: 1/22 [hobgoblin[Robin] (2)]
  2410 | D:3      | Slain by a hobgoblin

Illustrated notes

Levels and vault maps discovered:
D:1:      ldierk_walled_garden_2, layout_basic,
          shapermc_ecumenical_altar_flowoftime, st_stairs_10
D:2:      layout_basic, basic_altar
D:3:      layout_loops_ring, mainiacjoe_overflow_catwalk,
          gammafunk_temple_overflow_claw, kennysheep_generic_room_9, uniq_robin,
          uniq_ijyb

Skill      XL: |  1  2  3  4 |
---------------+-------------+-----
Dodging        | 3 |  3.4
Spellcasting   | 3 |  3.3
Evocations     | 1 |  1.6
Fighting       | 1 |  1.1
Short Blades   | 2 |  2.3
Stealth        | 5 |  5.2
Hexes          | 4 |  4.1

Action                     |  1- 3 |  4- 6 || total
---------------------------+-------+-------++-------
  Melee: Dagger            |    92 |    46 ||   138
         Punch             |     1 |       ||     1
   Cast: Ensorcelled Hiber |     6 |    11 ||    17
    Use: Scroll            |     4 |     3 ||     7
         Potion            |     1 |     1 ||     2
   Stab: Sleeping          |    11 |    14 ||    25
         Distracted        |       |     1 ||     1
 Armour: Robe              |    22 |    24 ||    46
  Dodge: Dodged            |    61 |    44 ||   105
